 Dungeon Crawl Stone Soup version 0.29.1-2-gbd0b4ee654 (webtiles) character file.

Game seed: 4518728634358428374

609 qeuew the Trooper (level 7, -22/61 HPs)
             Began as a Hill Orc Fighter on Nov 8, 2022.
             Killed from afar by Dowan (26 damage)
             ... with a shard of ice
             ... on level 4 of the Dungeon.
             The game lasted 00:05:20 (3987 turns).

qeuew the Trooper (Hill Orc Fighter)                Turns: 3987, Time: 00:05:20

Health: -22/61     AC:  7    Str: 20 (21) XL:     7   Next: 43%
Magic:  7/7        EV:  9    Int:  8      God:
Gold:   198        SH:  4    Dex:  8 (10) Spells: 6/6 levels left

rFire   . . .      SeeInvis .   a - +0 war axe (flame)
rCold   . . .      Faith    .   c - +0 buckler
rNeg    + . .      Spirit   .   b - +0 scale mail
rPois   .          Reflect  .   (helmet restricted)
rElec   .          Harm     .   (no cloak)
rCorr   +          Rampage  .   (no gloves)
Will    .....                   (no boots)
Stlth   +.........              (no amulet)
HPRegen 0.20/turn               e - ring of resist corrosion
MPRegen 0.10/turn               h - ring of positive energy

@: mighty
A: hooves 1, horns 1, camouflage 1
a: no special abilities


You were on level 4 of the Dungeon.
You visited 1 branch of the dungeon, and saw 4 of its levels.
You also visited: Sewer.

You collected 198 gold pieces.

Inventory:

Hand Weapons
 a - a +0 war axe of flaming (weapon)
Missiles
 i - 3 silver boomerangs (quivered)
 k - a throwing net
Armour
 b - a +0 scale mail (worn)
 c - a +0 buckler (worn)
Jewellery
 e - a ring of resist corrosion (left hand)
 h - a ring of positive energy (right hand)
Scrolls
 j - 2 scrolls of teleportation
 l - a scroll of poison {unknown}
Potions
 d - a potion of might
 m - a potion of curing


   Skills:
 + Level 5.4 Fighting
 + Level 5.0 Axes
 + Level 2.1 Throwing
 + Level 4.8 Armour
 + Level 2.2 Dodging
 + Level 4.8 Shields


You had 6 spell levels left.
You didn't know any spells.
Your spell library contained the following spells:

 Spells                   Type           Power      Damage    Failure   Level
 Shock                    Conj/Air       0%         1d3       83%         1
 Swiftness                Air            0%         N/A       99%         3
 Airstrike                Air            0%         2d(0-16)  100%        4


Dungeon Overview and Level Annotations

Branches:
Dungeon (4/15)              Sewer (visited)
 Temple: D:4-7

Altars:
Elyvilon
Trog
Wu Jian

Annotations:
D:4 Dowan


Innate Abilities, Weirdness & Mutations

You have large cloven feet.
You have a pair of small horns on your head.
Your skin changes colour to match your surroundings (Stealth+).


Message History

You feel much better. You block Duvessa's attack.
Duvessa hits you but does no damage. The iguana bites you.
Dowan casts a spell at you. The puff of flame hits you.
* * * LOW HITPOINT WARNING * * *
You feel very mighty all of a sudden. Duvessa misses you. The iguana bites you!
* * * LOW HITPOINT WARNING * * *
Dowan barely misses you.
You slash the iguana! You burn the iguana.
You kill the iguana!
You hit Duvessa. You burn Duvessa. You miss Dowan.
Duvessa hits you with a +0 rapier.
* * * LOW HITPOINT WARNING * * *
Duvessa closely misses you.
Dowan zaps a wand.
The puff of flame hits you.
* * * LOW HITPOINT WARNING * * *
You slash Duvessa! You burn Duvessa.
You kill Duvessa!
Dowan screams, "No!
No!"
Dowan seems to find hidden reserves of power!
You hit Dowan. You burn Dowan. Dowan closely misses you.
You block Dowan's attack.
You feel your strength returning.
Your Axes skill increases to level 5!
Your Throwing skill increases to level 2!
Okay, then.
You barely miss Dowan. Your kick misses Dowan. Your headbutt misses Dowan.
Dowan is lightly wounded.
Dowan shakes with grief.
Dowan zaps a wand.
The puff of flame misses you. Dowan barely misses you.
You barely miss Dowan. You headbutt Dowan!
Dowan is heavily wounded.
You block Dowan's attack. Dowan hits you with a +0 dagger.
* * * LOW HITPOINT WARNING * * *
As you read the scroll of butterflies, it crumbles to dust.
You hear the tinkle of a tiny bell.
You block Dowan's attack. Dowan closely misses your butterfly.
Dowan casts a spell at you. The shard of ice hits you!!
You die...

....##.......##.........
....#...#...............
...........#......#...†.
........b..###.....###..
#............#.......##.
....b.................#.
....bbeb#.####....#..##.
......b.#..#.#....#..##.
...bbb.@#.............##
..###.#.b.............#
#.##..#..###.#...## #
####### #######


You could see Dowan (fast, ally target).

Vanquished Creatures
  Duvessa (D:4)
  Pargi (Sewer)
  A necrophage (D:4)
  A scorpion (D:4)
  Terence (D:2)
  An iguana (D:4)
  Natasha (D:4)
  5 gnolls
  9 adders
  A river rat (D:3)
  A worm (D:4)
  A dart slug (D:1)
  10 bats
  6 endoplasms
  4 giant cockroaches
  9 goblins
  6 hobgoblins
  5 jackals
  4 quokkas
  5 ball pythons
  3 frilled lizards
  7 kobolds
  7 rats
90 creatures vanquished.

Notes
Turn   | Place    | Note
-------+----------+-------------------------------------------
     0 | D:1      | qeuew the Hill Orc Fighter began the quest for the Orb.
     0 | D:1      | Reached XP level 1. HP: 19/19 MP: 1/1
   178 | D:1      | Reached XP level 2. HP: 26/27 MP: 2/2
   392 | D:1      | Reached XP level 3. HP: 33/33 MP: 3/3
  1337 | D:2      | Reached XP level 4. HP: 33/40 MP: 4/4
  1458 | D:2      | Noticed Terence
  1465 | D:2      | Killed Terence
  1466 | D:2      | Reached skill level 1 in Dodging
  2205 | D:2      | Gained mutation: Your spells are a little easier to cast,
                  | but a little less powerful. [potion of mutation]
  2205 | D:2      | Gained mutation: You sometimes lose your temper in combat.
                  | [potion of mutation]
  2255 | D:3      | Reached XP level 5. HP: 43/47 MP: 5/5
  2299 | D:3      | Found a glowing drain.
  2307 | Sewer    | Entered a sewer
  2453 | Sewer    | Noticed Pargi
  2465 | Sewer    | Killed Pargi
  2466 | Sewer    | Reached skill level 1 in Throwing
  2466 | Sewer    | Reached XP level 6. HP: 39/55 MP: 6/6
  2636 | Sewer    | Lost mutation: Your spells are a little easier to cast, but
                  | a little less powerful. [potion of mutation]
  2636 | Sewer    | Lost mutation: You sometimes lose your temper in combat.
                  | [potion of mutation]
  2636 | Sewer    | Gained mutation: Your skin changes colour to match your
                  | surroundings (Stealth+). [potion of mutation]
  2636 | Sewer    | Gained mutation: You have large cloven feet. [potion of
                  | mutation]
  2636 | Sewer    | Gained mutation: You have a pair of small horns on your
                  | head. [potion of mutation]
  2754 | D:3      | Found a white marble altar of Elyvilon.
  2905 | D:3      | Found a faded altar of an unknown god.
  3379 | D:4      | Reached skill level 5 in Fighting
  3726 | D:4      | Found an ornate altar of the Wu Jian Council.
  3822 | D:4      | Found a bloodstained altar of Trog.
  3892 | D:4      | Noticed Natasha
  3897 | D:4      | Reached XP level 7. HP: 53/61 MP: 7/7
  3900 | D:4      | Killed Natasha
  3969 | D:4      | Noticed Duvessa
  3969 | D:4      | Noticed Dowan
  3979 | D:4      | HP: 1/61 [iguana (8)]
  3983 | D:4      | Killed Duvessa
  3984 | D:4      | Reached skill level 5 in Axes
  3987 | D:4      | Killed from afar by Dowan

Illustrated notes

Levels and vault maps discovered:
D:1:      dpeg_arrival_water_fire, layout_basic
D:2:      layout_basic, st_stairs_12, dk_noncrumbling_3, uniq_terence
D:3:      cheibrodos_old_hovel, layout_loops_ring, mainiacjoe_overflow_24_doors,
          ebering_ecumenical_altar_petrified, lightli_sewer_entry_pipes
D:4:      layout_cave_pools, trog_hazing_becter, nzn_wu_jian_council_hall,
          mainiacjoe_overflow_surrounded_room, lemuel_crystal_altar,
          uniq_natasha, uniq_duvessa

Skill      XL: |  1  2  3  4  5  6  7 |
---------------+----------------------+-----
Axes           | 3 4 5 |  5.0
Fighting       | 4 5 |  5.4
Dodging        | 1 2 |  2.2
Armour         | 4 |  4.8
Shields        | 4 |  4.8
Throwing       | 1 2 |  2.1

Action                   |  1- 3 |  4- 6 |  7- 9 || total
-------------------------+-------+-------+-------++-------
Melee: War axe           |    85 |   171 |    14 ||   270
       Kick              |       |     9 |     2 ||    11
       Headbutt          |       |     8 |     3 ||    11
  Use: Potion            |     2 |     9 |     2 ||    13
       Scroll            |     1 |     6 |     1 ||     8
Armor: Scale mail        |    60 |   106 |     3 ||   169
Dodge: Dodged            |    42 |   107 |     9 ||   158
Block: Buckler           |    18 |    44 |     5 ||    67
